 Dungeon Crawl Stone Soup version 0.30-a0-305-g026cb31310 (webtiles) character file.

Game seed: 2876031604713119837

60 Sobieck the Trooper (level 4, -9/39 HPs)
             Began as a Ghoul Warper on Oct 22, 2022.
             Mangled by Sigmund
             ... wielding a +0 scythe
              (10 damage)
             ... on level 3 of the Dungeon.
             The game lasted 00:05:35 (1680 turns).

Sobieck the Trooper (Ghoul Warper)                  Turns: 1680, Time: 00:05:35

Health: -9/39      AC:  7    Str: 14    XL:     4   Next: 6%
Magic:  5/5        EV: 11    Int: 10    God:
Gold:   96         SH:  2    Dex:  8    Spells: 6/6 levels left

rFire   . . .      SeeInvis .      - Unarmed
rCold   + . .      Faith    .    p - +0 buckler
rNeg    + + +      Spirit   .    a - +0 leather armour
rPois   ∞          Reflect  .    u - +2 helmet
rElec   .          Harm     .    e - +0 cloak
rCorr   .          Rampage  .    (no gloves)
Will    .....                    (no boots)
Stlth   +.........               (no amulet)
HPRegen 0.00/turn                (no ring)
MPRegen 0.09/turn                (no ring)

@: inhibited regen
A: claws 1, cold resistance 1, negative energy resistance 3, inhibited
regeneration, torment resistance 2, devour on kill
a: no special abilities


You were on level 3 of the Dungeon.
You visited 1 branch of the dungeon, and saw 3 of its levels.

You collected 239 gold pieces.
You spent 143 gold pieces at shops.


Innate Abilities, Weirdness & Mutations

You are immune to poison.
You have sharp fingernails.
Your flesh is cold resistant. (rC+)
You are immune to negative energy. (rN+++)
You do not regenerate when monsters are visible.
You are immune to unholy pain and torment.
You thrive by killing the living.


   Skills:
 + Level 3.6 Fighting
 - Level 0.8 Throwing
 - Level 0.8 Armour
 - Level 1.7 Dodging
 + Level 3.6 Unarmed Combat
 - Level 1.7 Spellcasting
 - Level 2.6 Translocations


You had 6 spell levels left.
You didn't know any spells.
Your spell library contained the following spells:

 Spells                   Type           Power      Damage    Failure   Level
 Blink                    Tloc           12%        N/A       28%         2
 Lesser Beckoning         Tloc           12%        N/A       50%         3
 Teleport Other           Tloc           6%         N/A       50%         3
 Ensorcelled Hibernation  Hex/Ice        0%         N/A       63%         2
 Passwall                 Tmut/Erth      0%         N/A       63%         2
 Vhi's Electric Charge    Tloc/Air       6%         N/A       67%         3
 Swiftness                Air            0%         N/A       86%         3
 Manifold Assault         Tloc           6%         N/A       88%         4

Inventory:

Hand Weapons
 i - a +0 club {mace}
   (You took it off a goblin on level 1 of the Dungeon)
 j - a +0 dagger {short}
   (You took it off a goblin on level 1 of the Dungeon)
 m - a +0 dagger {short}
   (You took it off a goblin on level 1 of the Dungeon)
 n - a +0 dagger {short}
   (You took it off a goblin on level 1 of the Dungeon)
Missiles
 c - 7 boomerangs of dispersal {=f!fthrowing}
 d - 2 stones (quivered) {throwing}
 g - 5 boomerangs {throwing}
 v - 8 poisoned darts {throwing}
 y - 5 curare-tipped darts {=fthrowing}
Armour
 a - a +0 leather armour (worn)
 e - a +0 cloak (worn)
   (You found it on level 1 of the Dungeon)
 h - a +0 leather armour
   (You found it on level 1 of the Dungeon)
 p - a +0 buckler (worn)
   (You found it on level 1 of the Dungeon)
 q - a +0 robe
   (You found it on level 2 of the Dungeon)
 s - a +0 leather armour
   (You found it on level 2 of the Dungeon)
 t - a +0 animal skin
   (You took it off Robin on level 2 of the Dungeon)
 u - a +2 helmet (worn)
   (You took it off Robin on level 2 of the Dungeon)
 x - a +0 ring mail
   (You found it on level 2 of the Dungeon)
 z - a +0 scale mail
   (You found it on level 3 of the Dungeon)
 D - a +0 chain mail
   (You found it on level 3 of the Dungeon)
 E - a +0 leather armour
   (You found it on level 3 of the Dungeon)
Scrolls
 b - 2 scrolls of blinking {!r}
 f - a scroll of amnesia {unknown}
 w - a scroll of fog {unknown}
 B - a scroll of poison
 C - a scroll of teleportation {@r4}
Potions
 l - a potion of berserk rage {unknown}
 o - 2 potions of attraction {!q}
 r - a potion of lignification {unknown}
 A - a potion of curing {unknown}

Dungeon Overview and Level Annotations

Branches:
Dungeon (3/15) Zot: 16313

Altars:
Sif Muna

Shops:
D:2 (:?(   D:3 [

Annotations:
D:3 Sigmund

#.# #.# #.# #.. #.#
#.# #@# ###.# #.#
#.#.# #.######.#.#
#..........##
#####...{...######.#
#.#..@.........#
#.###.#..####### #.#
#.#..###### # #.#
#..........#. #.#
#.#..######.# # #.#
#.#..# #.# # #.#..#
#.# # #.#..######.#
# #.#......##.######


There were no monsters in sight!


Message History

Unknown command.
Unknown command.
E - a +0 leather armour A rat comes into view.
Danger!
You throw a stone {throwing}. The stone {throwing} hits the rat.
You kill the rat!
No target in view!
Unknown command.
Sigmund the Dreaded comes into view.
He is wielding a +0 scythe.
Found a shimmering blue altar of Sif Muna.
Sigmund shouts!
Danger!
Unknown command.
Unknown command.
Okay, then.
Unknown command.
Danger!
Sigmund casts a spell at you.
You are confused.
Okay, then.
Unknown command.
Unknown command.
You bump into the rock wall.
Sigmund points at you and mumbles some strange words.
You resist with some effort.
Unknown command.
Unknown command.
Unknown command.
You feel less confused.
Unknown command.
Danger!
Sigmund gestures at you while chanting. The puff of flame hits you!
Sigmund gestures at you while chanting.
You are confused.
You bump into the rock wall.
Unknown command.
Sigmund hits you from afar with a +0 scythe.
Unknown command.
You bump into the rock wall.
Sigmund hits you but does no damage.
Unknown command.
Unknown command.
Unknown command.
Unknown command.
You bump into the rock wall.
You feel less confused. Sigmund hits you with a +0 scythe.
Unknown command.
You scratch Sigmund but do no damage.
Unknown command.
Okay, then.
Unknown command.
You closely miss Sigmund. Sigmund hits you with a +0 scythe!
* * * LOW HITPOINT WARNING * * *
Unknown command.
Unknown command.
You feel much better. Sigmund hits you with a +0 scythe!
* * * LOW HITPOINT WARNING * * *
Unknown command.
You scratch Sigmund. You barely miss Sigmund.
Sigmund hits you with a +0 scythe!
* * * LOW HITPOINT WARNING * * *
Unknown command.
You barely miss Sigmund. Sigmund hits you but does no damage.
You scratch Sigmund but do no damage.
Unknown command.
You scratch Sigmund.
Sigmund points at you and mumbles some strange words.
The magic dart hits you.
* * * LOW HITPOINT WARNING * * *
Unknown command.
You scratch Sigmund. Sigmund closely misses you.
You closely miss Sigmund.
Sigmund screams, "Die, monster!"
You block Sigmund's attack.
You closely miss Sigmund. You scratch Sigmund. Sigmund completely misses you.
Unknown command.
You scratch Sigmund. Sigmund barely misses you.
You barely miss Sigmund. You scratch Sigmund.
Sigmund hits you with a +0 scythe.
* * * LOW HITPOINT WARNING * * *
You closely miss Sigmund.
Sigmund gestures wildly while chanting.
Sigmund flickers and vanishes!
Deactivating autopickup; reactivate with Ctrl-A.
Unknown command.
You miss something.
You hear some strange, mumbled words.
A puff of flame appears from out of thin air!
The puff of flame hits you.
* * * LOW HITPOINT WARNING * * *
You claw something! Something hits you but does no damage.
You scratch something but do no damage.
You hear some strange, mumbled words.
Something tries to affect you, but you resist.
Unknown command.
You scratch something but do no damage. Something hits you!
You die...

Skill      XL: |  1  2 |
---------------+-------+-----
Fighting       | 3 |  3.6
Unarmed Combat | 3 |  3.6
Throwing       | |  0.8
Armour         | |  0.8
Dodging        | |  1.7
Spellcasting   | |  1.7
Translocations | |  2.6

Action                   |  1- 3 |  4- 6 || total
-------------------------+-------+-------++-------
Melee: Unarmed           |   121 |    25 ||   146
       Punch             |     1 |       ||     1
Throw: Dart              |     9 |       ||     9
       Boomerang         |     9 |       ||     9
       Stone             |     8 |     6 ||    14
  Use: Scroll            |     2 |       ||     2
       Potion            |       |     1 ||     1
Armor: Leather armour    |    43 |     5 ||    48
Dodge: Dodged            |    89 |     5 ||    94
Block: Buckler           |    14 |     1 ||    15

Levels and vault maps discovered:
D:1:      dpeg_arrival_shelter, layout_rooms, minmay_pentomino_u2
D:2:      layout_rooms, serial_shops, shop, shop, shop, nicolae_lakefront_shop,
          uniq_jessica, uniq_robin
D:3:      layout_loops_ring, nicolae_sif_muna_little_library, serial_shops,
          shop, minmay_gold_behind_fungi, hangedman_glass_teeth,
          serial_bayou_lagoon_a, uniq_sigmund

Notes
Turn   | Place    | Note
-------+----------+-------------------------------------------
     0 | D:1      | Sobieck the Ghoul Warper began the quest for the Orb.
     0 | D:1      | Reached XP level 1. HP: 17/17 MP: 2/2
   112 | D:1      | Reached XP level 2. HP: 25/25 MP: 3/3
   450 | D:1      | Reached skill level 3 in Fighting
   493 | D:1      | Reached skill level 3 in Unarmed Combat
   587 | D:2      | Found Coxeu's Weapon Shop.
   587 | D:2      | Found Erhaxav's Weapon Shop.
   642 | D:2      | Reached XP level 3. HP: 31/31 MP: 4/4
   676 | D:2      | Noticed Robin
  1037 | D:2      | Killed Robin
  1106 | D:2      | Found Ateheigg's Magic Scroll Shop.
  1115 | D:2      | Bought a scroll of identify for 26 gold pieces
  1115 | D:2      | Bought a scroll of identify for 26 gold pieces
  1252 | D:2      | Found Wyopaumm's Book Boutique.
  1347 | D:3      | Reached XP level 4. HP: 38/38 MP: 5/5
  1406 | D:3      | Found Rujooch's Antique Armour Shop.
  1491 | D:2      | Bought a scroll of poison for 52 gold pieces
  1491 | D:2      | Bought a scroll of teleportation for 39 gold pieces
  1613 | D:3      | You pick up a book of Burglary and begin reading...
  1613 | D:3      | You add the spells Passwall, Ensorcelled Hibernation and
                  | Swiftness to your library.
  1636 | D:3      | Found a shimmering blue altar of Sif Muna.
  1636 | D:3      | Noticed Sigmund
  1665 | D:3      | HP: 9/39 [Sigmund/+0 scythe (9)]
  1675 | D:3      | HP: 6/39 [Sigmund/+0 scythe (1)]
  1677 | D:3      | HP: 1/39 [something/puff of flame (5)]
  1680 | D:3      | Mangled by Sigmund

Vanquished Creatures
  Robin (D:2)
  3 ball pythons (D:1)
  5 endoplasms
  2 giant cockroaches (D:1)
  7 hobgoblins
  A quokka (D:1)
  2 bats
  2 frilled lizards (D:1)
  14 goblins
  2 kobolds
  4 rats
43 creatures vanquished.

Vanquished Creatures (others)
  A fungus (D:3)
  11 plants (D:3)
  4 toadstools (D:3)
16 creatures vanquished.

Grand Total: 59 creatures vanquished

Table legend:
 A = Non-vault XP
 B = Vault XP
 C = Vault XP percentage of total XP
 D = Non-vault monster count
 E = Vault monster count
 F = Vault count percentage of total count
                 A         B        C        D         E       F
            +---------+---------+-------+---------+---------+-------
      Total |      52 |      35 |  40.2 |      31 |      12 |  27.9
            +---------+---------+-------+---------+---------+-------
        D:1 |      35 |      15 |  30.0 |      20 |       9 |  31.0
        D:2 |       9 |      20 |  69.0 |       6 |       3 |  33.3
        D:3 |       8 |       0 |   0.0 |       5 |       0 |   0.0
            +---------+---------+-------+---------+---------+-------

Illustrated notes

Table legend:
 A = Kills in this place as a percentage of kills in entire the game.
 B = Kills by you in this place as a percentage of kills by you in the entire game.
 C = Kills by friends in this place as a percentage of kills by friends in the entire game.
 D = Other kills in this place as a percentage of other kills in the entire game.
 E = Experience gained in this place as a percentage of experience gained in the entire game.
 F = Experience gained in this place divided by the number of levels of this place that you have seen.
                   A       B       C       D       E      F
               +-------+-------+-------+-------+-------+----------------------
         Total | 100.0 | 100.0 |   N/A |   N/A | 100.0 |  29.0
       Dungeon | 100.0 | 100.0 |   N/A |   N/A | 100.0 |  29.0
               +-------+-------+-------+-------+-------+----------------------

Table legend: (Time is in decaauts)
 A = Elapsed time spent in this place.
 B = Non-inter-level travel time spent in this place.
 C = Inter-level travel time spent in this place.
 D = Time resting spent in this place.
 E = Time spent auto-exploring this place.
 F = Levels seen in this place.
 G = Mean time per level.
                   A        B        C        D        E       F      G
               +--------+--------+--------+--------+--------+-----+--------+
         Total |   1685 |   1544 |    141 |    164 |    849 |   3 |  561.7 |
       Dungeon |   1685 |   1544 |    141 |    164 |    849 |   3 |  561.7 |
               +--------+--------+--------+--------+--------+-----+--------+

Top non-repeatable levels by time:
     D:1: 772 daAuts
     D:2: 578 daAuts
     D:3: 334 daAuts
